 Dungeon Crawl Stone Soup version 0.26-a0-651-gb41185065b (webtiles) character file.

Game seed: 11642613968023018322

11 Lanoc the Sneak (level 2, -1/26 HPs)
             Began as a Hill Orc Brigand on Oct 10, 2020.
             Succumbed to an orc wizard's poison
             ... on level 3 of the Dungeon.
             The game lasted 00:00:37 (266 turns).

Lanoc the Sneak (Hill Orc Brigand)                   Turns: 266, Time: 00:00:38

Health: -1/26      AC:  3    Str: 13    XL:     2   Next: 29%
Magic:  2/2        EV: 12    Int: 11    God:
Gold:   7          SH:  0    Dex: 12    Spells: 1/1 levels left

rFire    . . .     SeeInvis .   a - +2 dagger
rCold    . . .     Faith    .   (no shield)
rNeg     . . .     Spirit   .   b - +0 robe
rPois    .         Reflect  .   (no helmet)
rElec    .         Harm     .   c - +0 cloak
rCorr    .         Rampage  .   (no gloves)
MR       .....                  (no boots)
Stlth    ++........             (no amulet)
HPRegen  0.08/turn              (no ring)
MPRegen  0.08/turn              (no ring)

@: lethally poisoned (-1 -> -29)
A: no striking features
a: no special abilities


You were on level 3 of the Dungeon.
You visited 1 branch of the dungeon, and saw 3 of its levels.

You collected 7 gold pieces.

Inventory:

Hand Weapons
 a - a +2 dagger (weapon)
 h - a +0 hand axe
Missiles
 d - 5 poisoned darts (quivered)
 e - 2 curare-tipped darts
Armour
 b - a +0 robe (worn)
 c - a +0 cloak (worn)
Scrolls
 f - a scroll of immolation {unknown}
Potions
 g - a potion of brilliance {unknown}


   Skills:
 + Level 3.0 Fighting
 - Level 2.0 Short Blades
 - Level 1.7 Throwing
 + Level 1.3 Dodging
 - Level 3.2 Stealth


You had one spell level left.
You didn't know any spells.
Your spell library was empty.

Dungeon Overview and Level Annotations

Branches:
Dungeon (3/15)

Altars:


Message History

The poisoned dart closely misses the orc.
The poisoned dart barely misses the rat.
* * * LOW HITPOINT WARNING * * *
You feel sick. Something hits you.
* * * LOW HITPOINT WARNING * * *
You are more poisoned.
Throwing (i - inventory. (/) - cycle)
d - 7 poisoned darts (quivered)
Press: ? - help, Shift-Dir - straight line, f/p - orc
Aim: an orc, wielding a +0 mace (heavily wounded)
You throw a poisoned dart. The poisoned dart hits the orc.
The orc is poisoned.
The orc is heavily wounded.
* * * LOW HITPOINT WARNING * * *
You feel sick. Something hits you but does no damage.
You are more poisoned.
Something hits you but does no damage.
Throwing (i - inventory. (/) - cycle)
d - 6 poisoned darts (quivered)
Press: ? - help, Shift-Dir - straight line, f/p - orc
Aim: an orc, wielding a +0 mace (heavily wounded, poisoned)
You throw a poisoned dart.
You die...

#### ####
..... #..
... #.#
...#####.#
##.#.....#
#........#
####<###.#
### #.#
#@# #{#
#o# #r#
#(o ###


You could see 2 orcs and a rat.

Vanquished Creatures
  2 leopard geckos
  An orc (D:3)
  A giant cockroach (D:3)
  A goblin (D:1)
  2 hobgoblins
7 creatures vanquished.

Notes
Turn   | Place    | Note
-------+----------+-------------------------------------------
     0 | D:1      | Lanoc the Hill Orc Brigand began the quest for the Orb.
     0 | D:1      | Reached XP level 1. HP: 18/18 MP: 1/1
    60 | D:1      | Reached skill level 1 in Dodging
   139 | D:2      | Reached XP level 2. HP: 18/25 MP: 2/2
   265 | D:3      | HP: 1/26 [poisoned by an orc wizard]
   266 | D:3      | Succumbed to an orc wizard's poison

Illustrated notes

Levels and vault maps discovered:
D:1:      co_arrival_square_in_a_square_in_a_square, layout_loops_corners
D:2:      layout_basic, serial_bayou, serial_bayou_pond_a,
          serial_bayou_lagoon_b, serial_bayou_pond_b, serial_bayou_shore_b
D:3:      layout_basic, grunt_temple_overflow_open

Skill      XL: |  1  2 |
---------------+-------+-----
Dodging        | 1 |  1.3
Fighting       | 3 |  3.0
Short Blades   | |  2.0
Throwing       | |  1.7
Stealth        | |  3.2

Action                   || total
-------------------------++-------
Melee: Dagger            ||    29
Throw: Dart              ||     3
 Stab: Sleeping          ||     2
Armor: Robe              ||     3
Dodge: Dodged            ||    11

Table legend: (Time is in decaauts)
 A = Elapsed time spent in this place.
 B = Non-inter-level travel time spent in this place.
 C = Inter-level travel time spent in this place.
 D = Time resting spent in this place.
 E = Time spent auto-exploring this place.
 F = Levels seen in this place.
 G = Mean time per level.
                   A        B        C        D        E       F      G
               +--------+--------+--------+--------+--------+-----+--------+
         Total |    262 |    248 |     14 |      0 |    190 |   3 |   87.3 |
       Dungeon |    262 |    248 |     14 |      0 |    190 |   3 |   87.3 |
               +--------+--------+--------+--------+--------+-----+--------+

Top non-repeatable levels by time:
     D:1: 109 daAuts
     D:3: 103 daAuts
     D:2: 49 daAuts
